TOP OF THE 1ST |
Mexico City Cerveceros batting - Pitching for Albuquerque Isotopes : RHP Pedro Alvarado
|
Pitching: RHP Pedro Alvarado
|
|
Batting: RHB Juan Estrada
|
0-0: Foul Ball, location: 2F 0-1: Fly out, F7 (Flyball, 7)
|
Batting: RHB Robinson Pacheco
|
0-0: Called Strike 0-1: Foul Ball, location: 2F 0-2: Fly out, F6 (Line Drive, 6)
|
Batting: LHB Mike Harris
|
0-0: Foul Ball, location: 2F 0-1: Foul Ball, location: 2F 0-2: Foul Ball, location: 2F 0-2: Fly out, F7 (Line Drive, 78D)
|
Top of the 1st over - 0 runs, 0 hits, 0 errors, 0 left on base; Mexico City 0 - Albuquerque 0 |
BOTTOM OF THE 1ST |
Albuquerque Isotopes batting - Pitching for Mexico City Cerveceros : RHP Luis Castillo
|
Pitching: RHP Luis Castillo
|
|
Batting: RHB Javier Peña
|
0-0: Fly out, F6 (Popup, 56)
|
Batting: LHB Fernando Ortíz
|
0-0: Ball 1-0: Ground out 4-3 (Groundball, 4)
|
Batting: RHB Roberto Tobías
|
0-0: Called Strike 0-1: Ball 1-1: Ground out 6-3 (Groundball, 6)
|
Bottom of the 1st over - 0 runs, 0 hits, 0 errors, 0 left on base; Mexico City 0 - Albuquerque 0 |
TOP OF THE 2ND |
Mexico City Cerveceros batting - Pitching for Albuquerque Isotopes : RHP Pedro Alvarado
|
Batting: LHB Dan Hamilton
|
0-0: Ball 1-0: Ball 2-0: Called Strike 2-1: Ball 3-1: Foul Ball, location: 2F 3-2: Foul Ball, location: 2F 3-2: SINGLE (Groundball, 4MD)
|
Batting: RHB Esteban Concepción
|
0-0: Ball 1-0: Foul Ball, location: 2F 1-1: Ball 2-1: Ball Dan Hamilton steals 2nd base 3-1: Ground out 5-3 (Groundball, 56S) Dan Hamilton to third
|
Batting: RHB Henning Huisman
|
0-0: DOUBLE (Flyball, 8RXD) Dan Hamilton scores
|
Batting: LHB John Bond
|
0-0: Swinging Strike 0-1: Ball Henning Huisman steals 3rd base 1-1: Foul Ball, location: 2F 1-2: Foul Ball, location: 2F 1-2: Strikes out swinging
|
Batting: RHB Eliot James
|
0-0: Ball 1-0: Ground out 4-3 (Groundball, 4MD)
|
Top of the 2nd over - 1 run, 2 hits, 0 errors, 1 left on base; Mexico City 1 - Albuquerque 0 |
BOTTOM OF THE 2ND |
Albuquerque Isotopes batting - Pitching for Mexico City Cerveceros : RHP Luis Castillo
|
Batting: RHB Kelly Graham
|
0-0: Ball 1-0: SINGLE (Flyball, 78S)
|
Batting: RHB Jesse McKnight
|
0-0: Swinging Strike 0-1: Ball Kelly Graham is caught stealing 2nd base 1-1: Called Strike 1-2: Ball 2-2: Strikes out swinging
|
Batting: RHB Cory Hester
|
0-0: Swinging Strike 0-1: Called Strike 0-2: Ball 1-2: Ball 2-2: Fly out, F9 (Flyball, 9LM)
|
Bottom of the 2nd over - 0 runs, 1 hit, 0 errors, 0 left on base; Mexico City 1 - Albuquerque 0 |
TOP OF THE 3RD |
Mexico City Cerveceros batting - Pitching for Albuquerque Isotopes : RHP Pedro Alvarado
|
Batting: RHB John Dinkins
|
0-0: Ball 1-0: Ball 2-0: Foul Ball, location: 2F 2-1: Foul Ball, location: 2F 2-2: SINGLE (Groundball, 4MD)
|
Batting: RHB Juan Estrada
|
0-0: Called Strike 0-1: Swinging Strike John Dinkins is caught stealing 2nd base 0-2: Ball 1-2: Ball 2-2: Foul Ball, location: 2F 2-2: Fly out, F7 (Flyball, 78M)
|
Batting: RHB Robinson Pacheco
|
0-0: Ball 1-0: Ball 2-0: Called Strike 2-1: Ball 3-1: Foul Ball, location: 2F 3-2: Base on Balls
|
Batting: LHB Mike Harris
|
0-0: Ball 1-0: Called Strike 1-1: Swinging Strike 1-2: Foul Ball, location: 2F 1-2: Strikes out swinging
|
Top of the 3rd over - 0 runs, 1 hit, 0 errors, 1 left on base; Mexico City 1 - Albuquerque 0 |
BOTTOM OF THE 3RD |
Albuquerque Isotopes batting - Pitching for Mexico City Cerveceros : RHP Luis Castillo
|
Batting: RHB Piotr Zahn
|
0-0: Called Strike 0-1: Ground out 4-3 (Groundball, 4)
|
Batting: LHB José González
|
0-0: Ball 1-0: Ball 2-0: Foul Ball, location: 2F 2-1: Foul Ball, location: 2F 2-2: Strikes out swinging
|
Batting: RHB Martín López
|
0-0: Fly out, F7 (Flyball, 78D)
|
Bottom of the 3rd over - 0 runs, 0 hits, 0 errors, 0 left on base; Mexico City 1 - Albuquerque 0 |
TOP OF THE 4TH |
Mexico City Cerveceros batting - Pitching for Albuquerque Isotopes : RHP Pedro Alvarado
|
Batting: LHB Dan Hamilton
|
0-0: Foul Ball, location: 2F 0-1: Swinging Strike 0-2: Ground out 6-3 (Groundball, 56)
|
Batting: RHB Esteban Concepción
|
0-0: Called Strike 0-1: Swinging Strike 0-2: Ball 1-2: Foul Ball, location: 2F 1-2: Ball 2-2: Ball 3-2: Strikes out swinging
|
Pitching: RHP Esteban Garza
|
|
Batting: RHB Henning Huisman
|
0-0: Called Strike 0-1: Called Strike 0-2: Ball 1-2: SOLO HOME RUN (Flyball, 7LD), Distance : 360 ft
|
Batting: LHB John Bond
|
0-0: Ball 1-0: Swinging Strike 1-1: Called Strike 1-2: Ball 2-2: Ball 3-2: Foul Ball, location: 2F 3-2: Base on Balls
|
Batting: RHB Eliot James
|
0-0: Ball 1-0: Single, Error in OF, E8, batter to second base John Bond to third
|
Batting: RHB John Dinkins
|
0-0: Ball 1-0: SINGLE (Flyball, 89M) John Bond scores Eliot James to third
|
Batting: RHB Juan Estrada
|
0-0: Ball 1-0: Called Strike 1-1: Ball 2-1: Foul Ball, location: 2F 2-2: Foul Ball, location: 2F 2-2: Foul Ball, location: 2F 2-2: Foul Ball, location: 2F 2-2: Foul Ball, location: 2F 2-2: SINGLE (Line Drive, 6D) Eliot James scores John Dinkins to second Runner from 2nd tries for 3rd, SAFE, no throw
|
Batting: RHB Robinson Pacheco
|
0-0: Ball 1-0: Swinging Strike 1-1: Ball 2-1: Ball 3-1: Base on Balls Juan Estrada to second
|
Batting: LHB Mike Harris
|
0-0: Ball 1-0: Called Strike 1-1: Fly out, F4 (Line Drive, 4)
|
Top of the 4th over - 3 runs, 4 hits, 1 error, 3 left on base; Mexico City 4 - Albuquerque 0 |
BOTTOM OF THE 4TH |
Albuquerque Isotopes batting - Pitching for Mexico City Cerveceros : RHP Luis Castillo
|
Batting: RHB Javier Peña
|
0-0: Ball 1-0: Foul Ball, location: 2F 1-1: Ball 2-1: Foul Ball, location: 2F 2-2: Strikes out swinging
|
Batting: LHB Fernando Ortíz
|
0-0: SINGLE (Line Drive, 8LS)
|
Batting: RHB Roberto Tobías
|
0-0: Ball 1-0: Ball 2-0: Ball 3-0: Called Strike 3-1: Called Strike 3-2: Foul Ball, location: 2F 3-2: Ground out 6-3 (Groundball, 6) Fernando Ortíz to second
|
Batting: RHB Kelly Graham
|
0-0: Foul Ball, location: 2F 0-1: Foul Ball, location: 2F 0-2: Fly out, F5 (Line Drive, 56S)
|
Bottom of the 4th over - 0 runs, 1 hit, 0 errors, 1 left on base; Mexico City 4 - Albuquerque 0 |
TOP OF THE 5TH |
Mexico City Cerveceros batting - Pitching for Albuquerque Isotopes : RHP Esteban Garza
|
Batting: LHB Dan Hamilton
|
Error on foul ball, E7 0-1: Swinging Strike 0-2: Ball 1-2: Fly out, F9 (Flyball, 9S)
|
Batting: RHB Esteban Concepción
|
0-0: Ball 1-0: Foul Ball, location: 2F 1-1: Ball 2-1: Foul Ball, location: 2F 2-2: SINGLE (Line Drive, 89S)
|
Batting: RHB Henning Huisman
|
0-0: Ball 1-0: Called Strike 1-1: Swinging Strike 1-2: Ball 2-2: Foul Ball, location: 2F 2-2: SINGLE (Flyball, 8RS) Esteban Concepción to second
|
Batting: LHB John Bond
|
0-0: Called Strike 0-1: Called Strike 0-2: Fly out, F8 (Flyball, 78D)
|
Batting: RHB Eliot James
|
0-0: Ball 1-0: Fielders Choice at 2nd, U4 (Groundball, 4M)
|
Top of the 5th over - 0 runs, 2 hits, 1 error, 2 left on base; Mexico City 4 - Albuquerque 0 |
BOTTOM OF THE 5TH |
Albuquerque Isotopes batting - Pitching for Mexico City Cerveceros : RHP Luis Castillo
|
Batting: RHB Jesse McKnight
|
0-0: Ball 1-0: Fly out, F8 (Line Drive, 8LD)
|
Batting: RHB Cory Hester
|
0-0: Called Strike 0-1: SINGLE (Groundball, 4MD)
|
Batting: RHB Piotr Zahn
|
0-0: Swinging Strike 0-1: DOUBLE (Line Drive, 9LM) Cory Hester to third Runner from 3rd tries for Home, SAFE, no throw
|
Batting: LHB José González
|
0-0: Called Strike 0-1: Ball 1-1: Ball 2-1: Ball 3-1: Base on Balls
|
Batting: RHB Martín López
|
0-0: Called Strike 0-1: Ball 1-1: Ball 2-1: Swinging Strike 2-2: SINGLE (Line Drive, 7LS) Piotr Zahn to third José González to second
|
Batting: RHB Javier Peña
|
0-0: Ball 1-0: Ball 2-0: Ball 3-0: Foul Ball, location: 2F 3-1: Base on Balls Piotr Zahn scores José González to third Martín López to second
|
Batting: LHB Fernando Ortíz
|
0-0: Called Strike 0-1: Ball 1-1: Fly out, F9 (Flyball, 9S)
|
Batting: RHB Roberto Tobías
|
0-0: Ball 1-0: Called Strike 1-1: Foul Ball, location: 2F 1-2: Strikes out swinging
|
Bottom of the 5th over - 2 runs, 3 hits, 0 errors, 3 left on base; Mexico City 4 - Albuquerque 2 |
TOP OF THE 6TH |
Mexico City Cerveceros batting - Pitching for Albuquerque Isotopes : RHP Esteban Garza
|
Pitching: LHP Alberto Ruíz
|
|
Batting: RHB John Dinkins
|
0-0: Ball 1-0: Ball 2-0: Ball 3-0: Called Strike 3-1: Base on Balls
|
Batting: RHB Juan Estrada
|
0-0: Fly out, F8 (Flyball, 78XD)
|
Batting: RHB Robinson Pacheco
|
0-0: Called Strike 0-1: Swinging Strike 0-2: Ball 1-2: Ball 2-2: Foul Ball, location: 2F 2-2: Foul Ball, location: 2F 2-2: SINGLE (Groundball, 56D) John Dinkins to second
|
Batting: LHB Mike Harris
|
0-0: Foul Ball, location: 2F 0-1: Ball 1-1: Called Strike 1-2: Strikes out looking
|
Batting: LHB Dan Hamilton
|
0-0: Called Strike 0-1: Ground out 4-3 (Groundball, 34)
|
Top of the 6th over - 0 runs, 1 hit, 0 errors, 2 left on base; Mexico City 4 - Albuquerque 2 |
BOTTOM OF THE 6TH |
Albuquerque Isotopes batting - Pitching for Mexico City Cerveceros : RHP Luis Castillo
|
Batting: RHB Kelly Graham
|
0-0: Ball 1-0: Swinging Strike 1-1: Swinging Strike 1-2: Ball 2-2: Foul Ball, location: 2F 2-2: Strikes out looking
|
Batting: RHB Jesse McKnight
|
0-0: Foul Ball, location: 2F 0-1: Ball 1-1: Foul Ball, location: 2F 1-2: Ball 2-2: Foul Ball, location: 2F 2-2: DOUBLE (Groundball, 5L)
|
Pitching: RHP Manuel Zarate
|
|
Batting: RHB Cory Hester
|
0-0: Ball 1-0: Foul Ball, location: 2F 1-1: Ball 2-1: Fly out, F8 (Flyball, 8RM)
|
Batting: RHB Piotr Zahn
|
0-0: Foul Ball, location: 2F 0-1: Called Strike 0-2: Fly out, F9 (Flyball, 89M)
|
Bottom of the 6th over - 0 runs, 1 hit, 0 errors, 1 left on base; Mexico City 4 - Albuquerque 2 |
TOP OF THE 7TH |
Mexico City Cerveceros batting - Pitching for Albuquerque Isotopes : LHP Alberto Ruíz
|
Batting: RHB Esteban Concepción
|
0-0: Ball 1-0: Called Strike 1-1: Ground out 5-3 (Groundball, 56S)
|
Batting: RHB Henning Huisman
|
0-0: Ball 1-0: SINGLE (Line Drive, 34)
|
Batting: LHB John Bond
|
0-0: Ball Henning Huisman steals 2nd base 1-0: Ball 2-0: Ball 3-0: Called Strike 3-1: SINGLE (Groundball, 3D) Henning Huisman to third Runner from 3rd tries for Home, SAFE, no throw
|
Batting: RHB Eliot James
|
0-0: Called Strike 0-1: Foul Ball, location: 2F 0-2: Ball 1-2: SINGLE (Groundball, 3D) John Bond to second
|
Batting: RHB John Dinkins
|
0-0: Ball 1-0: Foul Ball, location: 2F 1-1: Foul Ball, location: 2F 1-2: Foul Ball, location: 2F 1-2: SINGLE (Groundball, 4S) (infield hit) John Bond to third Eliot James to second
|
Batting: RHB Juan Estrada
|
0-0: Swinging Strike 0-1: Foul Ball, location: 2F 0-2: Ball 1-2: Ball 2-2: Fly out, F7 (Flyball, 7S)
|
Batting: RHB Robinson Pacheco
|
0-0: Ball 1-0: Called Strike 1-1: Foul Ball, location: 2F 1-2: Ball 2-2: Foul Ball, location: 2F 2-2: Foul Ball, location: 2F 2-2: Foul Ball, location: 2F 2-2: DOUBLE (Flyball, 78D) John Bond scores Eliot James scores John Dinkins to third Runner from 3rd tries for Home, SAFE, no throw
|
Batting: LHB Mike Harris
|
0-0: Ball 1-0: Ball 2-0: Foul Ball, location: 2F 2-1: Ground out 6-3 (Groundball, 6M)
|
Top of the 7th over - 4 runs, 5 hits, 0 errors, 1 left on base; Mexico City 8 - Albuquerque 2 |
BOTTOM OF THE 7TH |
Albuquerque Isotopes batting - Pitching for Mexico City Cerveceros : RHP Manuel Zarate
|
Batting: LHB José González
|
0-0: Called Strike 0-1: Swinging Strike 0-2: Fly out, F9 (Flyball, 9LD)
|
Batting: RHB Martín López
|
0-0: Called Strike 0-1: Ball 1-1: Ball 2-1: Swinging Strike 2-2: SINGLE (Line Drive, 4MD)
|
Batting: RHB Javier Peña
|
0-0: Foul Ball, location: 2F 0-1: Fielders Choice at 2nd, 5-4 (Groundball, 56)
|
Batting: LHB Fernando Ortíz
|
0-0: Ball 1-0: Called Strike 1-1: Ball 2-1: Ball 3-1: Foul Ball, location: 2F 3-2: Foul Ball, location: 2F 3-2: Ground out 4-3 (Groundball, 4)
|
Bottom of the 7th over - 0 runs, 1 hit, 0 errors, 1 left on base; Mexico City 8 - Albuquerque 2 |
TOP OF THE 8TH |
Mexico City Cerveceros batting - Pitching for Albuquerque Isotopes : LHP Alberto Ruíz
|
Pitching: RHP Steve Snyder
|
|
Batting: LHB Dan Hamilton
|
0-0: Ball 1-0: Ball 2-0: Ball 3-0: Called Strike 3-1: Fly out, F8 (Line Drive, 8RD)
|
Batting: RHB Esteban Concepción
|
0-0: Ball 1-0: Ball 2-0: Called Strike 2-1: Called Strike 2-2: Foul Ball, location: 2F 2-2: Ball 3-2: SINGLE (Line Drive, 6MD)
|
Batting: RHB Henning Huisman
|
0-0: Ball 1-0: Called Strike 1-1: Swinging Strike 1-2: Strikes out swinging
|
Batting: LHB John Bond
|
0-0: Foul Ball, location: 2F 0-1: Swinging Strike 0-2: Strikes out swinging
|
Top of the 8th over - 0 runs, 1 hit, 0 errors, 1 left on base; Mexico City 8 - Albuquerque 2 |
BOTTOM OF THE 8TH |
Albuquerque Isotopes batting - Pitching for Mexico City Cerveceros : RHP Manuel Zarate
|
Now at 1B: Tim Adkins
|
|
Batting: RHB Roberto Tobías
|
0-0: Ball 1-0: Swinging Strike 1-1: Called Strike 1-2: Fly out, F4 (Line Drive, 4)
|
Batting: RHB Kelly Graham
|
0-0: Ball 1-0: Ball 2-0: Ball 3-0: Base on Balls
|
Batting: RHB Jesse McKnight
|
0-0: Ball 1-0: Ball 2-0: Ball 3-0: Base on Balls Kelly Graham to second
|
Batting: RHB Cory Hester
|
0-0: Ball 1-0: Ball 2-0: Swinging Strike 2-1: Called Strike 2-2: Strikes out swinging
|
Batting: RHB Piotr Zahn
|
0-0: Ball 1-0: Ball 2-0: Fly out, F7 (Flyball, 7D)
|
Bottom of the 8th over - 0 runs, 0 hits, 0 errors, 2 left on base; Mexico City 8 - Albuquerque 2 |
TOP OF THE 9TH |
Mexico City Cerveceros batting - Pitching for Albuquerque Isotopes : RHP Steve Snyder
|
Batting: RHB Eliot James
|
0-0: Ball 1-0: SINGLE (Groundball, 3D)
|
Batting: RHB John Dinkins
|
0-0: Ball 1-0: Called Strike 1-1: Foul Ball, location: 2F 1-2: Foul Ball, location: 2F 1-2: Foul Ball, location: 2F 1-2: Ball 2-2: Strikes out looking
|
Batting: RHB Juan Estrada
|
0-0: Swinging Strike 0-1: Swinging Strike 0-2: Ball 1-2: Ball 2-2: Foul Ball, location: 2F 2-2: Foul Ball, location: 2F 2-2: Strikes out looking
|
Batting: RHB Robinson Pacheco
|
0-0: Called Strike 0-1: SINGLE (Flyball, 7LM) Eliot James to second
|
Batting: LHB Mike Harris
|
0-0: Ground out 4-3 (Groundball, 4)
|
Top of the 9th over - 0 runs, 2 hits, 0 errors, 2 left on base; Mexico City 8 - Albuquerque 2 |
BOTTOM OF THE 9TH |
Albuquerque Isotopes batting - Pitching for Mexico City Cerveceros : RHP Manuel Zarate
|
Now at 3B: Mitchell Pate
|
|
Batting: LHB José González
|
0-0: SINGLE (Line Drive, 89S)
|
Batting: RHB Martín López
|
0-0: Ball 1-0: Ball 2-0: Foul Ball, location: 2F 2-1: SINGLE (Groundball, 5S) (infield hit) José González to second
|
Batting: RHB Javier Peña
|
0-0: Foul Ball, location: 2F 0-1: Ball Wild Pitch! José González to third Martín López to second 1-1: Foul Ball, location: 2F 1-2: Foul Ball, location: 2F 1-2: Ball 2-2: SINGLE (Groundball, 56D) José González scores Martín López to third
|
Pitching: RHP David Sheppard
|
|
Batting: LHB Fernando Ortíz
|
0-0: Ball 1-0: Called Strike 1-1: Fly out, F8 (Flyball, 8RM) Runner from 3rd tags up, SCORES, no throw
|
Batting: RHB Roberto Tobías
|
0-0: Called Strike 0-1: Ball 1-1: Ball 2-1: Ball 3-1: Fly out, F9 (Flyball, 89D)
|
Batting: RHB Kelly Graham
|
0-0: Ball 1-0: Ball 2-0: Foul Ball, location: 2F 2-1: Ball 3-1: Called Strike 3-2: Foul Ball, location: 2F 3-2: Fly out, F9 (Flyball, 9D)
|
Bottom of the 9th over - 2 runs, 3 hits, 0 errors, 1 left on base; Mexico City 8 - Albuquerque 4 |
|